 Dungeon Crawl Stone Soup version 0.29.1-4-g47bece8355 (webtiles) character file.

Game seed: 13107479376218421991

359 Hiippo the Trooper (level 6, -12/52 HPs)
             Began as a Formicid Fighter on Dec 6, 2022.
             Was a Follower of Uskayaw.
             Mangled by an ogre
             ... wielding a +0 giant spiked club
              (32 damage)
             ... on level 3 of the Dungeon.
             The game lasted 00:16:25 (2714 turns).

Hiippo the Trooper (Formicid Fighter)               Turns: 2714, Time: 00:16:26

Health: -12/52     AC: 11    Str: 29    XL:     6   Next: 97%
Magic:  6/6        EV:  4    Int:  7    God:    Uskayaw [*.....]
Gold:   157        SH: 13    Dex: 13    Spells: 5/5 levels left

rFire   + . .      SeeInvis +   k - +3 hand axe (venom)
rCold   . . .      Faith    .   q - +0 tower shield
rNeg    . . .      Spirit   .   h - +0 plate armour
rPois   .          Reflect  .   (helmet unavailable)
rElec   .          Harm     .   (no cloak)
rCorr   .          Rampage  .   (no gloves)
Will    .....                   (no boots)
Stlth   ..........              (no amulet)
HPRegen 0.17/turn               r - +6 ring of strength
MPRegen 0.10/turn               u - ring of protection from fire

@: no status effects
A: permanent stasis, dig shafts and tunnels, antennae 3, four strong arms
a: Dig, Shaft Self, Renounce Religion, Stomp


You were on level 3 of the Dungeon.
You worshipped Uskayaw.
Uskayaw was noncommittal.
You visited 1 branch of the dungeon, and saw 4 of its levels.

You collected 157 gold pieces.

Inventory:

Hand Weapons
 a - a +0 flail
 k - a +3 hand axe of venom (weapon)
Missiles
 j - 25 stones
 p - 5 boomerangs (quivered)
Armour
 b - a +0 scale mail
 c - a +0 buckler
 h - a +0 plate armour (worn)
 m - a +0 chain mail
 q - a +0 tower shield (worn)
Jewellery
 r - a +6 ring of strength (left hand)
 u - a ring of protection from fire (right hand)
Scrolls
 i - 4 scrolls of teleportation
 n - a scroll of immolation
Potions
 d - a potion of might
 f - 3 potions of heal wounds
 l - a potion of curing
 o - a potion of lignification


   Skills:
 + Level 6.1 Fighting
 + Level 4.2(4.5) Axes
 - Level 2.3(3.6) Maces & Flails
 - Level 3.2 Armour
 - Level 4.0 Shields


You had 5 spell levels left.
You didn't know any spells.
Your spell library contained the following spells:

 Spells                   Type           Power      Damage    Failure   Level
 Beastly Appendage        Tmut           0%         N/A       100%        1
 Sandblast                Erth           0%         2d4       100%        1
 Passwall                 Tmut/Erth      0%         N/A       100%        2
 Wereblood                Tmut           0%         N/A       100%        2
 Spider Form              Tmut/Pois      0%         N/A       100%        3
 Stone Arrow              Conj/Erth      0%         3d7       100%        3


Dungeon Overview and Level Annotations

Branches:
Dungeon (4/15)
 Temple: D:4-7

Altars:
Hepliaklqana
Sif Muna
Uskayaw

Shops:
D:1 ![


Innate Abilities, Weirdness & Mutations

You cannot be hasted, slowed, berserked, paralysed or teleported.
You can dig through walls and to a lower floor.
You have a pair of large antennae on your head. (SInv)
Your four strong arms can wield two-handed weapons with a shield.


Message History

You block the goblin's attack. You block the endoplasm's attack.
There is a stone staircase leading up here.
You block the ball python's attack. The ball python grabs you.
You stop ascending the stairs.
The ball python constricts you. The goblin hits you but does no damage.
The endoplasm hits you but does no damage.
You slash the ball python!
You kill the ball python!
You barely miss the goblin. You hit the endoplasm.
You kill the endoplasm!
You block the goblin's attack. The goblin hits you but does no damage.
You climb upwards.
There is a stone staircase leading down here.
You closely miss the goblin. You block the goblin's attack.
The goblin hits you but does no damage.
You closely miss the goblin. The goblin barely misses you.
You completely miss the goblin. You block the goblin's attack.
You hit the goblin.
The goblin is poisoned.
The goblin is severely wounded.
You kill the goblin!
You see here a +0 club.
You start resting.
HP restored.
There is a stone staircase leading down here.
You climb downwards.
The iguana bites you but does no damage.
You block the ogre's attack. The iguana bites you!
There is a stone staircase leading up, spattered with blood here.
The ogre hits you with a +0 giant spiked club!!
You block the iguana's attack.
You climb upwards.
There is a stone staircase leading down here.
The iguana bites you. The iguana attacks as you move away!
The iguana bites you but does no damage.
The ogre attacks as you move away!
The ogre hits you with a +0 giant spiked club!!
Ouch! That really hurt!
You die...

...###.#####..# #..##............
#...##.# ##.###.###..........##
#......# #.....# #.......####
..[###.# ##...####....[..# ...#
#.# ####......##.......#
#).###.###..................#
)...........................#####
........[.............##.....#...
................@.....#..........
...............lO.............b..
........##.....<>.......b.......)
.)...................#...b.......
.................................
.....................#...........
...........############..........
.........### ##.....#...
.........# ##########


You could see an ogre and an iguana.

Vanquished Creatures
  A steam dragon (D:4)
  Natasha (thrice) (D:3)
  Robin (D:2)
  6 adders
  2 worms
  2 dart slugs (D:3)
  7 orcs
  4 bats
  4 endoplasms
  2 giant cockroaches
  17 goblins
  10 hobgoblins
  2 kobolds
  7 ball pythons
  7 frilled lizards
  3 rats
78 creatures vanquished.

Notes
Turn   | Place    | Note
-------+----------+-------------------------------------------
     0 | D:1      | Hiippo the Formicid Fighter began the quest for the Orb.
     0 | D:1      | Reached XP level 1. HP: 18/18 MP: 1/1
   148 | D:1      | Reached XP level 2. HP: 24/24 MP: 2/2
   205 | D:1      | Found Fiarouts's Distillery.
   294 | D:1      | Found Yloq's Armour Emporium.
   539 | D:2      | Reached skill level 1 in Axes
   549 | D:2      | Reached XP level 3. HP: 29/30 MP: 3/3
   614 | D:2      | Reached skill level 4 in Fighting
   790 | D:2      | Noticed Robin
   803 | D:2      | Reached XP level 4. HP: 36/37 MP: 4/4
   814 | D:2      | Killed Robin
  1145 | D:2      | Found a faded altar of an unknown god.
  1252 | D:2      | Reached XP level 5. HP: 42/43 MP: 5/5
  1773 | D:3      | Noticed Natasha
  1781 | D:3      | Killed Natasha
  1782 | D:3      | Reached skill level 5 in Fighting
  1908 | D:3      | Noticed Natasha
  1933 | D:3      | Found a hide-covered altar of Uskayaw.
  2007 | D:3      | Found a shimmering blue altar of Sif Muna.
  2181 | D:3      | Killed Natasha
  2210 | D:3      | Noticed a +0 hand axe
  2213 | D:3      | Noticed a +0 dagger
  2225 | D:3      | Became a worshipper of Uskayaw the Reveller
  2245 | D:3      | Reached XP level 6. HP: 51/51 MP: 6/6
  2265 | D:3      | Noticed Natasha
  2270 | D:3      | Reached * piety under Uskayaw
  2273 | D:3      | Killed Natasha
  2273 | D:3      | Reached ** piety under Uskayaw
  2419 | D:3      | Found a hazy altar of Hepliaklqana.
  2572 | D:4      | Noticed a steam dragon
  2572 | D:4      | Noticed an ogre
  2584 | D:4      | Killed a steam dragon
  2585 | D:4      | Reached skill level 6 in Fighting
  2714 | D:3      | Mangled by an ogre

Illustrated notes

Levels and vault maps discovered:
D:1:      dpeg_arrival_fog, layout_rooms, serial_shops, shop, shop,
          minmay_misc_feat_columns, nicolae_wormholes
D:2:      layout_basic, ebering_ecumenical_altar_rust,
          minmay_randomly_rotated_circles, uniq_robin
D:3:      layout_rooms, nicolae_hepliaklqana_hippocampus,
          dancing_weapons_uskayaw, lemuel_tele_altar, uniq_natasha
D:4:      layout_rooms, zin_statuary, hangedman_decor_clover_reticule,
          minmay_tree_intersection

Skill      XL: |  1  2  3  4  5  6 |
---------------+-------------------+-----
Axes           | 1 2 3 4 |  4.2
Fighting       | 4 5 6 |  6.1
Maces & Flails | |  2.3
Armour         | |  3.2
Shields        | |  4.0

Action                   |  1- 3 |  4- 6 || total
-------------------------+-------+-------++-------
Melee: Flail             |    11 |       ||    11
       Hand axe          |    55 |   105 ||   160
Throw: Boomerang         |       |    16 ||    16
 Abil: Dig               |     1 |       ||     1
  Use: Scroll            |       |    13 ||    13
       Potion            |       |     1 ||     1
Armor: Scale mail        |     9 |       ||     9
       Chain mail        |    24 |    13 ||    37
       Plate armour      |       |    16 ||    16
Dodge: Dodged            |    21 |    19 ||    40
Block: Buckler           |    20 |     3 ||    23
       Tower shield      |       |    52 ||    52
